 Dungeon Crawl Stone Soup version 0.29.0-5-ge4962eb29e (webtiles) character file.

Game seed: 13334710353091543058

4692 Arcadio the Arsonist (level 10, -14/69 HPs)
             Began as a Grey Draconian Fire Elementalist on Aug 29, 2022.
             Was a Priest of Ru.
             Engulfed by a cloud of flame (30 damage)
             ... on level 7 of the Dungeon.
             The game lasted 00:27:33 (9368 turns).

Arcadio the Arsonist (DrFE)                         Turns: 9368, Time: 00:27:34

Health: -14/69     AC: 13    Str: 11    XL:     10   Next: 21%
Magic:  22/30      EV: 14    Int: 26    God:    Ru [***...]
Gold:   347        SH:  0    Dex: 11    Spells: 6/24 levels left

rFire   . . .      SeeInvis .   C - +2 whip (flame)
rCold   . . .      Faith    .   (no shield)
rNeg    . . .      Spirit   .   (body armour unavailable)
rPois   .          Reflect  .   (helmet restricted)
rElec   .          Harm     .   (no cloak)
rCorr   .          Rampage  .   p - +0 pair of gloves
Will    .....                   (no boots)
Stlth   ++........              k - amulet of regeneration
HPRegen 1.01/turn               v - +6 ring of intelligence
MPRegen 0.22/turn               j - ring of magical power

@: lethally poisoned (-14 -> -16), slowed, very slow
A: AC +12, amphibious, unfitting armour, cold-blooded, hated by all, weak-willed
1
a: Renounce Religion, Draw Out Power


You were on level 7 of the Dungeon.
You worshipped Ru.
Ru was most pleased with you.
You visited 2 branches of the dungeon, and saw 8 of its levels.
You also visited: Ossuary.

You collected 347 gold pieces.

Inventory:

Hand Weapons
 c - a +0 whip
 e - a +0 short sword
 i - a +1 dagger of speed
 w - a +0 scythe
 C - a +2 whip of flaming (weapon)
 E - a +1 mace of holy wrath
 K - a +2 whip of flaming
Missiles
 u - a throwing net
Armour
 p - a +0 pair of gloves (worn)
Jewellery
 b - a ring of fire
 j - a ring of magical power (right hand)
 k - an amulet of regeneration (around neck)
 t - a ring of protection from cold
 v - a +6 ring of intelligence (left hand)
 y - a ring of ice
 F - a ring of resist corrosion
Wands
 o - a wand of digging (6)
 A - a wand of charming (22)
Scrolls
 m - 3 scrolls of amnesia
 n - a scroll of enchant armour {unknown}
 s - 5 scrolls of teleportation
 D - 2 scrolls of blinking {unknown}
 G - a scroll of butterflies
 H - a scroll of poison {unknown}
 I - 2 scrolls of identify
Potions
 a - 2 potions of magic
 d - a potion of might {unknown}
 f - a potion of ambrosia
 g - a potion of berserk rage
 h - 2 potions of attraction {unknown}
 l - 4 potions of brilliance
 q - 2 potions of invisibility {unknown}
 r - 2 potions of lignification {unknown}
 x - 4 potions of curing {unknown}
 z - 2 potions of haste {unknown}
 B - 2 potions of mutation {unknown}
 J - 3 potions of heal wounds


   Skills:
 + Level 7.8 Dodging
 - Level 1.7 Stealth
 + Level 7.8 Spellcasting
 + Level 4.4 Conjurations
 + Level 8.9 Fire Magic


You had 6 spell levels left.
You knew the following spells:

 Your Spells              Type           Power      Damage    Failure   Level
a - Foxfire               Conj/Fire      100%       2x1d9     1%          1
b - Scorch                Fire           100%       2d10      1%          2
c - Conjure Flame         Conj/Fire      45%        6-21      1%          3
d - Inner Flame           Hex/Fire       33%        N/A       2%          3
e - Flame Wave            Conj/Fire      45%        2d12      3%          4
f - Blink                 Tloc           20%        N/A       9%          2
g - Spider Form           Tmut/Pois      10%        N/A       17%         3

Your spell library contained the following spells:

 Spells                   Type           Power      Damage    Failure   Level
 Ensorcelled Hibernation  Hex/Ice        20%        N/A       9%          2
 Gell's Gravitas          Tloc           10%        N/A       17%         3
 Lesser Beckoning         Tloc           10%        N/A       17%         3
 Teleport Other           Tloc           10%        N/A       17%         3
 Anguish                  Hex/Necr       5%         N/A       50%         4
 Manifold Assault         Tloc           10%        N/A       85%         5


Dungeon Overview and Level Annotations

Branches:
Dungeon (7/15) Zot: 25896  Temple (1/1) D:5 Zot: 5914 Ossuary (visited)

Altars:
Ashenzari
Cheibriados
Gozag
Kikubaaqudgha
Makhleb
Nemelex Xobeh
Okawaru
Qazlal
Ru
Trog
Uskayaw
Vehumet
Wu Jian
Xom
Zin

Shops:
D:2 [


Innate Abilities, Weirdness & Mutations

Your dull iron-grey scales are very hard. (AC +12)
You are amphibious.
You cannot fit into any form of body armour.
You are cold-blooded and may be slowed by cold attacks.
You are hated by all.
You are slightly weak-willed. (Will-)


Message History

A kobold comes into view. It is wielding a +0 short sword.
The kobold hits you but does no damage.
Casting: Foxfire (safe; 1% risk of failure)
Confirm with . or Enter, or press ? or * to list all spells.
You conjure some foxfire!
The kobold shouts!
You feel sick. The kobold closely misses you.
You feel sick.
You are no longer poisoned.
The foxfire hits the kobold brigand.
The kobold brigand is lightly wounded.
The foxfire hits the kobold!
You kill the kobold!
The kobold brigand throws a curare-tipped dart.
The curare-tipped dart hits you.
You are poisoned.
You have difficulty breathing.
You feel as though you will be slow longer.
Casting: Foxfire (safe; 1% risk of failure)
Confirm with . or Enter, or press ? or * to list all spells.
You conjure some foxfire!
You feel very sick.
The foxfire hits the kobold.
You kill the kobold!
You feel very sick.
The foxfire hits the kobold brigand!
The kobold brigand is moderately wounded.
The kobold brigand hits you but does no damage.
Casting: Foxfire (safe; 1% risk of failure)
Confirm with . or Enter, or press ? or * to list all spells.
Flames lash the kobold.
The kobold explodes!
The fiery explosion engulfs the kobold brigand!!!
You kill the kobold brigand!
The fiery explosion engulfs the kobold!!!
You kill the kobold!
The fiery explosion engulfs you!!
* * * LOW HITPOINT WARNING * * *
You are engulfed in blazing flames.
You die...

##..........###..# #.
..............#..####..
......)..##......>.....
..####†.#####.......###
##).# ###....## #.K##
##...## ##)§# #.....#
#§)§# ##.....#
..###§§@## ####......##
.........###.)........#
...........)...........#
........................
........................
............#######.....
............# #....
.....>....... #...
.............# ##


You could see a kobold.

Vanquished Creatures
  Pikel (D:4)
  An ugly thing (D:7)
  Joseph (D:7)
  Sigmund (D:4)
  Eustachio (D:5)
  Menkaure (D:6)
  A water moccasin (D:7)
  An orc warrior (D:7)
  A sky beast (D:7)
  2 ice beasts (D:7)
  2 black bears (D:5)
  2 ogres
  2 phantoms
  A centaur (D:5)
  A lemure (D:4)
  3 kobold brigands (D:7)
  2 bullfrogs
  13 scorpions
  3 hounds
  A gnoll bouda (D:7)
  2 orc priests (D:7)
  3 human zombies (Ossuary)
  2 jellies (D:6)
  A centaur zombie (Ossuary)
  3 iguanas
  2 orc wizards (D:7)
  5 scorpion zombies (Ossuary)
  3 mummies (Ossuary)
  22 gnolls
  7 adders
  2 white imps
  2 ufetubi
  A dart slug (D:1)
  15 orcs
  9 ball pythons
  7 bats
  10 endoplasms
  8 giant cockroaches
  A gnoll zombie (Ossuary)
  9 goblins
  5 hobgoblins
  4 quokkas
  7 frilled lizards
  A goblin zombie (Ossuary)
  3 hobgoblin zombies
  24 kobolds
  6 kobold zombies (Ossuary)
  5 orc zombies
  8 rats
218 creatures vanquished.

Vanquished Creatures (collateral kills)
  2 foxfires
2 creatures vanquished.

Vanquished Creatures (others)
  248 foxfires
  8 plants (D:1)
256 creatures vanquished.

Grand Total: 476 creatures vanquished

Notes
Turn   | Place    | Note
-------+----------+-------------------------------------------
     0 | D:1      | Arcadio the Draconian Fire Elementalist began the quest for
                  | the Orb.
     0 | D:1      | Reached XP level 1. HP: 14/14 MP: 3/3
   281 | D:1      | Reached XP level 2. HP: 14/20 MP: 5/5
   884 | D:1      | Reached XP level 3. HP: 26/26 MP: 4/6
  1398 | D:2      | Found Tuonukifit's Antique Armour Shoppe.
  1550 | D:2      | Learned a level 2 spell: Scorch
  1554 | D:2      | Learned a level 3 spell: Conjure Flame
  1876 | D:2      | Reached XP level 4. HP: 28/33 MP: 7/8
  1939 | D:2      | Reached skill level 4 in Fire Magic
  2298 | D:3      | Learned a level 3 spell: Inner Flame
  2347 | D:3      | Reached XP level 5. HP: 38/38 MP: 9/9
  3121 | D:4      | Found an ancient bone altar of Kikubaaqudgha.
  3383 | D:4      | Reached XP level 6. HP: 43/45 MP: 1/11
  3508 | D:4      | Noticed Sigmund
  3563 | D:4      | Killed Sigmund
  3564 | D:4      | Reached skill level 5 in Fire Magic
  3686 | D:4      | Your scales start taking on a dull iron-grey colour.
  3686 | D:4      | Reached XP level 7. HP: 50/50 MP: 13/13
  4097 | D:4      | Noticed Pikel
  4157 | D:4      | Killed Pikel
  4158 | D:4      | Reached skill level 5 in Dodging
  4158 | D:4      | Reached skill level 5 in Spellcasting
  4158 | D:4      | Reached skill level 6 in Fire Magic
  4158 | D:4      | Reached XP level 8. HP: 18/57 MP: 2/16
  4679 | D:5      | Entered Level 5 of the Dungeon
  4725 | D:5      | Found a staircase to the Ecumenical Temple.
  4735 | Temple   | Entered the Ecumenical Temple
  4805 | Temple   | Became a worshipper of Ru the Awakened
  4989 | D:5      | Found a basalt altar of Yredelemnul.
  5019 | D:5      | Noticed Eustachio
  5040 | D:5      | Killed Eustachio
  5282 | D:5      | Learned a level 4 spell: Flame Wave
  5285 | D:5      | Learned a level 2 spell: Blink
  5289 | D:5      | Learned a level 3 spell: Spider Form
  5551 | D:5      | Reached skill level 7 in Fire Magic
  6329 | D:6      | Noticed Menkaure
  6342 | D:6      | Reached XP level 9. HP: 62/62 MP: 18/18
  6371 | D:6      | Killed Menkaure
  6785 | D:6      | Gained mutation: You are slightly weak-willed. (Will-) [Ru
                  | sacrifice]
  6785 | D:6      | Reached * piety under Ru
  7328 | D:7      | Found a sand-covered staircase.
  7334 | Ossuary  | Entered an ossuary
  7876 | Ossuary  | Reached skill level 8 in Fire Magic
  8554 | D:7      | Noticed a brown ugly thing
  8565 | D:7      | Killed a brown ugly thing
  8642 | D:7      | Found a shimmering altar of Xom.
  8644 | D:7      | Found a shimmering altar of Xom.
  8645 | D:7      | Found a shimmering altar of Xom.
  8646 | D:7      | Found a shimmering altar of Xom.
  8646 | D:7      | Found a shimmering altar of Xom.
  8647 | D:7      | Found a shimmering altar of Xom.
  8647 | D:7      | Found a shimmering altar of Xom.
  8647 | D:7      | Found a shimmering altar of Xom.
  8939 | D:7      | Noticed Joseph
  8948 | D:7      | Killed Joseph
  8949 | D:7      | Reached XP level 10. HP: 51/69 MP: 21/21
  9337 | D:7      | Gained mutation: You are hated by all. [Ru sacrifice]
  9337 | D:7      | Reached ** piety under Ru
  9337 | D:7      | Reached *** piety under Ru
  9368 | D:7      | Engulfed by a cloud of flame

Illustrated notes

Levels and vault maps discovered:
D:1:      mushboom_english_gardens, layout_basic, minmay_lizard_king
D:2:      layout_loops_ring, serial_shops, shop, serial_glass, glass_columns_a,
          glass_columns_c, glass_columns_a, glass_columns_a, glass_columns_a,
          glass_columns_a, glass_columns_c, glass_columns_b
D:3:      layout_rooms
D:4:      nicolae_BIG_FREAKIN_CUBE, layout_layer_cave,
          nicolae_overflow_crystal_walls, uniq_sigmund, uniq_pikel
D:5:      layout_basic, mainiacjoe_overflow_alcove_1,
          minmay_temple_entry_mini_moons, uniq_eustachio
D:6:      layout_loops_corners, uniq_menkaure
D:7:      layout_layer_cave, xom_shifter_show, enter_ossuary_3, uniq_joseph
Temple:   nicolae_temple_ecumenical_triangle

Skill      XL: |  1  2  3  4  5  6  7  8  9 |
---------------+----------------------------+-----
Dodging        | 2 3 4 5 6 7 |  7.8
Spellcasting   | 3 4 5 6 7 |  7.8
Fire Magic     | 4 5 6 7 8 |  8.9
Conjurations   | 4 |  4.4
Stealth        | |  1.7

Action                   |  1- 3 |  4- 6 |  7- 9 | 10-12 || total
-------------------------+-------+-------+-------+-------++-------
Melee: Whip              |    21 |       |    54 |       ||    75
       Tailslap          |     7 |     2 |    11 |       ||    20
       Dagger            |    21 |    49 |       |       ||    70
       Halberd           |       |       |    12 |       ||    12
       Punch             |       |       |     2 |       ||     2
 Cast: Foxfire           |    47 |    22 |    66 |    17 ||   152
       Scorch            |     8 |    45 |   150 |    16 ||   219
       Flame Wave        |       |       |     4 |       ||     4
       Conjure Flame     |       |       |     1 |       ||     1
       Inner Flame       |       |       |       |     1 ||     1
Invok: Sacrifice Essence |       |       |     1 |       ||     1
       Sacrifice Love    |       |       |       |     1 ||     1
  Use: Scroll            |       |     3 |     5 |       ||     8
       Potion            |       |     2 |       |       ||     2
 Stab: Distracted        |       |     1 |       |       ||     1
       Sleeping          |       |     1 |       |       ||     1
Armor: Skin              |    20 |    12 |    57 |     4 ||    93
Dodge: Dodged            |    39 |    28 |    94 |    10 ||   171
